[Event "Sunday 22 April Rapid Engine Tour 12+1 Rounds 9 Starts 1600ST"]
[Site "Infinity Chess"]
[Date "2018.4.22"]
[Round "5"]
[White "MarioDeMonti"]
[Black "MedusaV3"]
[Result "1-0"]
[ECO "C55"]
[WhiteElo "2458"]
[BlackElo "2412"]
[WhiteEngine "stockfish_x64_bmi2_2018_02_18_CTG"]
[BlackEngine "Eman 1.70-beta23 64-bit BMI2_CTG"]
[EventType "Swiss"]
[WhiteTeam ""]
[BlackTeam ""]
[PlyCount "207"]
[TimeControl "720+1"]

1. e4 e5 2. Nf3 Nc6 3. Bc4 Nf6 4. d3 Bc5 5. c3 d6 6. O-O a5 7. Re1 O-O 
8. Nbd2 Ng4 9. Re2 Nf6 10. Nf1 Be6 11. Bb5 Ne7 12. h3 c6 13. Ba4 Ng6 14. d4 Bb6 
15. Ng3 Re8 16. Bc2 Bc7 17. Bd2 h6 18. Re1 a4 19. Bxa4 d5 20. Nxe5 Nxe5 
21. dxe5 Bxe5 22. f4 Bd6 23. e5 Bc5+ 24. Be3 Bxe3+ 25. Rxe3 Qb6 26. Qd4 Qxd4 
27. cxd4 Rxa4 28. exf6 gxf6 29. Nh5 Rd8 30. Nxf6+ Kg7 31. Nh5+ Kg6 32. g4 Rxd4 
33. Re5 Bc8 34. Kg2 f5 35. Re7 fxg4 36. Rg7+ Kf5 37. hxg4+ Ke4 38. Rf1 Rd2+ 
39. Kg3 Kd4 40. f5 Rf8 41. f6 Re2 42. Rf4+ Kc5 43. Rf3 Re4 44. f7 Be6 
45. Nf6 Re1 46. Nh7 Rxf7 47. Rfxf7 Bxf7 48. Rxf7 Rg1+ 49. Kh3 b5 50. Nf8 Kd4 
51. Re7 Rb1 52. Ne6+ Ke3 53. Nd8+ Kf2 54. Rf7+ Ke3 55. Nxc6 d4 56. Re7+ Kf2 
57. Rf7+ Ke3 58. Ne7 d3 59. Nd5+ Kd4 60. Rd7 Rxb2 61. Nf4+ Kc4 62. Nxd3 Rxa2 
63. Ne5+ Kc5 64. Kg3 Ra1 65. Kf2 Ra8 66. Ke3 Re8 67. Ke4 b4 68. Rd5+ Kb6 
69. Rd6+ Kb5 70. Rxh6 b3 71. Kd4 Rd8+ 72. Kc3 Kc5 73. Kxb3 Rg8 74. Rg6 Re8 
75. Nf7 Re3+ 76. Kc2 Rf3 77. Nh6 Kd4 78. g5 Rf2+ 79. Kb3 Rf8 80. Rd6+ Ke5 
81. Rf6 Ra8 82. Nf7+ Kd4 83. Rd6+ Ke4 84. g6 Rg8 85. Kc4 Rg7 86. Rf6 Ke3 
87. Kd5 Kd3 88. Rd6 Kc3 89. Ke5 Rg8 90. Kf6 Ra8 91. Rd8 Ra6+ 92. Nd6 Ra1 
93. g7 Rf1+ 94. Ke5 Rg1 95. g8=Q Rxg8 96. Rxg8 Kd3 97. Rg3+ Ke2 98. Ne4 Kd1 
99. Rg2 Ke1 100. Rf2 Kd1 101. Kd4 Kc1 102. Kd3 Kb1 103. Nc3+ Ka1 104. Ra2# 1-0

[Event "Sunday 22 April Rapid Engine Tour 12+1 Rounds 9 Starts 1600ST"]
[Site "Infinity Chess"]
[Date "2018.4.22"]
[Round "5"]
[White "IronMan"]
[Black "ocirema"]
[Result "1/2-1/2"]
[ECO "D10"]
[WhiteElo "2445"]
[BlackElo "2419"]
[WhiteEngine "Eman 170b23-EXP3"]
[BlackEngine "stockfish_18041820_x64_modern_CTG"]
[EventType "Swiss"]
[WhiteTeam ""]
[BlackTeam ""]
[PlyCount "63"]
[TimeControl "720+1"]

1. d4 d5 2. c4 c6 3. cxd5 cxd5 4. Bf4 Nc6 5. e3 Nf6 6. Nc3 a6 7. Bd3 Bg4 
8. Nge2 e6 9. Rc1 Bh5 10. O-O Be7 11. Na4 Bg6 12. Nc5 Qb6 13. Bxg6 hxg6 
14. Nc3 O-O 15. h3 Rfc8 16. Re1 Qa7 17. Nd3 Qb6 18. Na4 Qa5 19. Qb3 Ne4 
20. a3 g5 21. Bh2 Nd8 22. Nb6 Nd2 23. Qa4 Qxb6 24. Rxc8 Rxc8 25. Qd7 Qb5 
26. Qxc8 Qxd3 27. Bc7 Qc2 28. Qb8 Ne4 29. Rf1 Nd2 30. Re1 Ne4 31. Rf1 Nd2 
32. Re1 1/2-1/2

[Event "Sunday 22 April Rapid Engine Tour 12+1 Rounds 9 Starts 1600ST"]
[Site "Infinity Chess"]
[Date "2018.4.22"]
[Round "5"]
[White "hafaba"]
[Black "SkyPilot"]
[Result "0-1 "]
[ECO "C55"]
[WhiteElo "2462"]
[BlackElo "2449"]
[WhiteEngine "Eman 1.70-beta21 64-bit POPCNT_CTG"]
[BlackEngine "stockfish_x64_bmi2_2018_04_07_CTG"]
[EventType "Swiss"]
[WhiteTeam ""]
[BlackTeam ""]
[PlyCount "285"]
[TimeControl "720+1"]

1. e4 e5 2. Nf3 Nc6 3. Bc4 Nf6 4. d3 Bc5 5. c3 d6 6. O-O O-O 7. h3 a5 8. Nbd2 h6 
9. Re1 Be6 10. a4 Ba7 11. Bxe6 fxe6 12. Nf1 d5 13. Qc2 Qe7 14. Qb3 Qd6 
15. Be3 d4 16. Bd2 Bb6 17. N1h2 Nd7 18. Qb5 Nc5 19. Red1 dxc3 20. Bxc3 Kh7 
21. Rd2 Nd4 22. Bxd4 exd4 23. Rc2 Ra6 24. Qc4 Nd7 25. Rd1 e5 26. Nf1 c6 
27. Ng3 Bd8 28. Rb1 Be7 29. Nf5 Qf6 30. Nh2 Bb4 31. Ng4 Qd8 32. f4 exf4 
33. Qxd4 Qb6 34. Nf2 Qxd4 35. Nxd4 Nc5 36. b3 Raa8 37. Kf1 Rfe8 38. h4 Rad8 
39. Rc4 Nd7 40. Nf3 Nf6 41. Kg1 g6 42. Kh2 Kg7 43. Rd1 Re7 44. Rh1 Ba3 
45. Kh3 Rde8 46. Rg1 Bb4 47. Rd1 Rh8 48. Rh1 Rf8 49. Ng4 Nd7 50. Rhc1 Bd6 
51. R4c2 Ba3 52. Ra1 Bb4 53. Nf2 Nf6 54. Rg1 Rh8 55. Rc4 Rg8 56. Rgc1 Rge8 
57. Ng4 Nd7 58. Nf2 Nf6 59. Ng4 Nd7 60. R4c2 Rh8 61. Nf2 Nf6 62. Rg1 Rd8 
63. Rc4 Ree8 64. Rh1 Kf7 65. Rd1 Kg7 66. Rg1 Rb8 67. Rd1 Re7 68. Rg1 Rh8 
69. Rc2 Rg8 70. Rcc1 Bd6 71. Rge1 Rge8 72. Ng4 Nd7 73. Nf2 Nf6 74. Ng4 Nd7 
75. Nf2 Bb4 76. Re2 Nf6 77. e5 Nd5 78. d4 Kf7 79. Nd3 Rf8 80. Rf1 Ke8 
81. Rff2 g5 82. g4 Ne3 83. h5 Rd7 84. Ra2 Ke7 85. Nxb4 axb4 86. Ra1 Ra8 
87. Rc1 Ke6 88. Rb2 Kd5 89. Rf2 Rdd8 90. Rg1 Ke4 91. Ra1 Rd7 92. a5 Rd5 
93. e6 Rdxa5 94. Rxa5 Rxa5 95. Ne5 Ra8 96. Nf7 Kd5 97. e7 Re8 98. Nxh6 Rxe7 
99. Nf5 Nxf5 100. gxf5 Re3+ 101. Kh2 Rxb3 102. Rg2 Ra3 103. f6 Ke6 104. f7 Kxf7 
105. Rxg5 Kf6 106. Rg4 Kf5 107. Rg1 Rg3 108. Rd1 b3 109. d5 cxd5 110. Rxd5+ Kg4 
111. Rb5 Rc3 112. h6 Rh3+ 113. Kg1 Rxh6 114. Rxb3 b6 115. Kf2 Kf5 116. Rb4 Ke5 
117. Kg2 Rf6 118. Kf3 Kd5 119. Rb1 Kc4 120. Rc1+ Kb4 121. Rb1+ Kc3 122. Ke2 Rh6 
123. Rc1+ Kb2 124. Rc8 b5 125. Rb8 Rh5 126. Kd3 f3 127. Rf8 b4 128. Rxf3 b3 
129. Rf8 Rh3+ 130. Kc4 Kb1 131. Rf6 b2 132. Kb4 Rd3 133. Rc6 Rd7 134. Kc3 Ra7 
135. Rb6 Ra2 136. Rb8 Ka1 137. Kd4 Ra4+ 138. Kd5 b1=Q 139. Rxb1+ Kxb1 
140. Kd6 Re4 141. Kd5 Re2 142. Kc6 Rd2 143. Kc5 0-1

[Event "Sunday 22 April Rapid Engine Tour 12+1 Rounds 9 Starts 1600ST"]
[Site "Infinity Chess"]
[Date "2018.4.22"]
[Round "5"]
[White "Katzenmaier"]
[Black "Thinker"]
[Result "1/2-1/2 "]
[ECO "A20"]
[WhiteElo "2512"]
[BlackElo "2455"]
[WhiteEngine "Raubfisch ME262_GTZ17a."]
[BlackEngine "stockfish_18041820_x64_modern_CTG"]
[EventType "Swiss"]
[WhiteTeam ""]
[BlackTeam ""]
[PlyCount "164"]
[TimeControl "720+1"]

1. c4 e5 2. e3 Nf6 3. Nc3 Bb4 4. Nge2 O-O 5. a3 Be7 6. d4 exd4 7. Qxd4 b6 
8. Ng3 Bb7 9. Be2 Re8 10. O-O a5 11. b3 Na6 12. Qd3 Nc5 13. Qc2 Bd6 14. Bb2 Be5 
15. b4 Nce4 16. Bf3 Nxg3 17. hxg3 Qc8 18. Rfc1 h6 19. Nd5 Bxd5 20. cxd5 Bxb2 
21. Qxb2 d6 22. Rc6 axb4 23. axb4 Rxa1+ 24. Qxa1 Qd7 25. Rc4 Qb5 26. Rxc7 Qxb4 
27. Qc1 Rf8 28. Rc4 Qa5 29. Rc7 Qb4 30. Rb7 Qa5 31. Qb1 Nxd5 32. g4 Qc5 
33. Bxd5 Qxd5 34. Rxb6 Rc8 35. Qf5 Rc1+ 36. Kh2 Qe5+ 37. g3 g6 38. Qf3 Qe6 
39. Rb7 Rc2 40. e4 Kg7 41. Kg2 Qf6 42. Rb8 Qe7 43. Rb5 Qf6 44. Qxf6+ Kxf6 
45. Kf3 Rc4 46. Ke3 Ra4 47. Kf3 Ra3+ 48. Ke2 Ra2+ 49. Kf3 Ke7 50. Rb6 Ke6 
51. Rc6 Ra3+ 52. Ke2 Ra2+ 53. Kf3 Ke7 54. Ke3 Ra3+ 55. Kd2 Kd7 56. Rb6 Ke6 
57. Ke2 Ke5 58. f3 Ra2+ 59. Ke3 Ra3+ 60. Ke2 Ke6 61. Rb7 g5 62. Kf2 Ra2+ 
63. Kg1 f6 64. Rb6 Ra1+ 65. Kf2 Ra2+ 66. Ke1 Rg2 67. Rb7 Rxg3 68. Kf2 Rh3 
69. Rh7 d5 70. exd5+ Kxd5 71. Kg2 Rh4 72. Kg3 Rh1 73. Kg2 Rb1 74. Rxh6 Rb2+ 
75. Kf1 Ke5 76. Rh7 Kf4 77. Rf7 Kxf3 78. Rxf6+ Kxg4 79. Rg6 Kf3 80. Kg1 g4 
81. Rf6+ Kg3 82. Rf1 Rb3 1/2-1/2

[Event "Sunday 22 April Rapid Engine Tour 12+1 Rounds 9 Starts 1600ST"]
[Site "Infinity Chess"]
[Date "2018.4.22"]
[Round "5"]
[White "Time_bandit"]
[Black "Gilgamesch"]
[Result "1/2-1/2"]
[ECO "C70"]
[WhiteElo "2471"]
[BlackElo "2482"]
[WhiteEngine "asmFishW_2018-04-11_bmi2"]
[BlackEngine "BrainFish_180408_x64_bmi2"]
[EventType "Swiss"]
[WhiteTeam ""]
[BlackTeam ""]
[PlyCount "78"]
[TimeControl "720+1"]

1. e4 e5 2. Nf3 Nc6 3. Bb5 a6 4. Ba4 Be7 5. O-O Nf6 6. Re1 b5 7. Bb3 d6 
8. c3 O-O 9. h3 Re8 10. d4 Bb7 11. Nbd2 Bf8 12. a4 exd4 13. cxd4 Qd7 14. Bc2 Nb4 
15. Bb1 g6 16. axb5 Qxb5 17. b3 Bg7 18. Bb2 c5 19. dxc5 d5 20. Ra4 a5 
21. Ng5 Re7 22. e5 Nd7 23. Ndf3 Nxc5 24. e6 Nxe6 25. Bxg7 Kxg7 26. Nxe6+ Rxe6 
27. Rxe6 fxe6 28. Qd4+ Kg8 29. Qf6 Qc6 30. Ne5 Qc1+ 31. Kh2 Rf8 32. Qxe6+ Kh8 
33. Nxg6+ hxg6 34. Qe5+ Kh7 35. Qe7+ Kg8 36. Qe6+ Kh8 37. Qe5+ Kh7 38. Qe7+ Kg8 
39. Qe6+ Kh8 1/2-1/2

[Event "Sunday 22 April Rapid Engine Tour 12+1 Rounds 9 Starts 1600ST"]
[Site "Infinity Chess"]
[Date "2018.4.22"]
[Round "5"]
[White "Seliga"]
[Black "Marsell"]
[Result "1/2-1/2"]
[ECO "C55"]
[WhiteElo "2471"]
[BlackElo "2474"]
[WhiteEngine "AsmFish A12_CTG"]
[BlackEngine "BrainFish_180418_x64_bmi2"]
[EventType "Swiss"]
[WhiteTeam ""]
[BlackTeam ""]
[PlyCount "87"]
[TimeControl "720+1"]

1. e4 e5 2. Nf3 Nc6 3. Bc4 Nf6 4. d3 Bc5 5. O-O d6 6. c3 O-O 7. Re1 a5 8. h3 Be6 
9. Bxe6 fxe6 10. Be3 Bxe3 11. Rxe3 a4 12. Nbd2 Nd7 13. Rc1 Qf6 14. Nf1 h6 
15. d4 Nb6 16. Ng3 Nc4 17. Re2 Nb6 18. Re1 Nc4 19. Qe2 Nb6 20. Rcd1 Rf7 
21. Qd3 Raf8 22. Re2 exd4 23. cxd4 d5 24. Qb5 Qd8 25. exd5 Qxd5 26. Qxd5 exd5 
27. b3 axb3 28. axb3 Nc8 29. Rc2 Nb4 30. Rcd2 Rf6 31. Rc1 c6 32. Ne5 Nd6 
33. Nd7 Rxf2 34. Rdd1 R8f7 35. Ne5 R7f4 36. Nh5 Rf5 37. Ng3 Rf8 38. Nd7 R8f7 
39. Ne5 R7f4 40. Nh5 Rf8 41. Ng6 R8f7 42. Ne5 R7f5 43. Ng3 Rf8 44. Nd7 1/2-1/2

[Event "Sunday 22 April Rapid Engine Tour 12+1 Rounds 9 Starts 1600ST"]
[Site "Infinity Chess"]
[Date "2018.4.22"]
[Round "5"]
[White "star99"]
[Black "Susanne"]
[Result "1/2-1/2 "]
[ECO "B32"]
[WhiteElo "2499"]
[BlackElo "2518"]
[WhiteEngine "Cryptic Heroes 9.4B"]
[BlackEngine "asmFishW_IX_bmi2_CTG"]
[EventType "Swiss"]
[WhiteTeam ""]
[BlackTeam ""]
[PlyCount "118"]
[TimeControl "720+1"]

1. e4 c5 2. Nf3 Nc6 3. d4 cxd4 4. Nxd4 e5 5. Nb5 d6 6. N1c3 a6 7. Na3 b5 
8. Nd5 Nf6 9. Bg5 Be7 10. Bxf6 Bxf6 11. c3 Rb8 12. Nc2 Bg5 13. a4 bxa4 
14. Ncb4 Nxb4 15. cxb4 Bd7 16. Bxa6 O-O 17. Bc4 Bc6 18. O-O Bxd5 19. Bxd5 Rxb4 
20. Rxa4 Rxb2 21. g3 Bd2 22. Qa1 Rb8 23. Ra7 Rb5 24. Ra8 Qc7 25. Ra7 Qd8 
26. Qd1 Bb4 27. Qd3 Ra5 28. Rxf7 Rxf7 29. Bxf7+ Kxf7 30. Qc4+ Kg6 31. Qxb4 h5 
32. Kg2 Kh7 33. Rd1 Ra6 34. Qb7 Rb6 35. Qf7 Qg5 36. Qf3 Qg6 37. h3 h4 38. g4 Rb4 
39. Qf5 Rxe4 40. Qxg6+ Kxg6 41. Rxd6+ Kh7 42. Kf3 Rf4+ 43. Ke3 Rb4 44. f3 Rb3+ 
45. Ke4 Rb1 46. f4 exf4 47. Kxf4 Rb3 48. Kg5 Rxh3 49. Rd2 Rh1 50. Rd7 h3 
51. Kh4 h2 52. Kg3 Rg1+ 53. Kxh2 Rxg4 54. Rd6 g6 55. Rd5 Rh4+ 56. Kg3 Re4 
57. Rg5 Kh6 58. Rg4 Re3+ 59. Kh4 Rd3 1/2-1/2

[Event "Sunday 22 April Rapid Engine Tour 12+1 Rounds 9 Starts 1600ST"]
[Site "Infinity Chess"]
[Date "2018.4.22"]
[Round "4"]
[White "MedusaV3"]
[Black "Dovahkiin"]
[Result "1/2-1/2"]
[ECO "D00"]
[WhiteElo "2414"]
[BlackElo "2360"]
[WhiteEngine "Eman 1.70-beta23 64-bit BMI2_CTG"]
[BlackEngine "BrainFish_180418_x64_modern_CTG"]
[EventType "Swiss"]
[WhiteTeam ""]
[BlackTeam ""]
[PlyCount "102"]
[TimeControl "720+1"]

1. d4 d5 2. e3 Nf6 3. c4 e6 4. Nf3 Be7 5. Be2 O-O 6. O-O dxc4 7. Bxc4 c5 
8. dxc5 Bxc5 9. Qe2 Nc6 10. Nc3 e5 11. Ng5 Qe7 12. Nge4 Bf5 13. Qf3 Bg6 
14. Nxf6+ Qxf6 15. Qxf6 gxf6 16. a3 Rac8 17. Rd1 Rfd8 18. Rxd8+ Rxd8 19. b4 Bf8 
20. Bb2 Rd2 21. Na4 Bc2 22. Bc3 Rd8 23. Nb2 Bf5 24. f3 Be6 25. Bxe6 fxe6 
26. Kf1 Rc8 27. Rc1 a5 28. Na4 Na7 29. bxa5 Bxa3 30. Ra1 Nb5 31. Bd2 Be7 
32. Ke2 Nd6 33. Nb6 Rc7 34. Kd3 Bd8 35. e4 Nb5 36. Rc1 Rxc1 37. Bxc1 Nd4 
38. Bd2 Kf7 39. Nc4 Bc7 40. Be3 Ke7 41. h3 Nb3 42. Bb6 Bxb6 43. axb6 Kd7 
44. Kc3 Nc5 45. Kb4 Kc6 46. Na5+ Kxb6 47. Nc4+ Kc6 48. Na5+ Kd6 49. Nc4+ Kc6 
50. Na5+ Kd6 51. Nc4+ Kc6 1/2-1/2

[Event "Sunday 22 April Rapid Engine Tour 12+1 Rounds 9 Starts 1600ST"]
[Site "Infinity Chess"]
[Date "2018.4.22"]
[Round "4"]
[White "angriff"]
[Black "ocirema"]
[Result "1/2-1/2 "]
[ECO "C50"]
[WhiteElo "2386"]
[BlackElo "2420"]
[WhiteEngine "DracoREX 3.07 64BIT POPCNT_CTG"]
[BlackEngine "stockfish_18041820_x64_modern_CTG"]
[EventType "Swiss"]
[WhiteTeam ""]
[BlackTeam ""]
[PlyCount "118"]
[TimeControl "720+1"]

1. e4 e5 2. Nf3 Nc6 3. Bc4 Bc5 4. O-O d6 5. c3 Nf6 6. d3 a5 7. Re1 Ba7 
8. Nbd2 O-O 9. h3 Be6 10. Bb5 Ne7 11. d4 Ng6 12. Ba4 Nh5 13. Nf1 Nhf4 
14. Bc2 exd4 15. cxd4 d5 16. Bxf4 Nxf4 17. e5 f6 18. Qd2 fxe5 19. Rxe5 Bd7 
20. Rae1 c6 21. N1h2 Bb8 22. R5e3 Bd6 23. a3 c5 24. dxc5 Bxc5 25. Bxh7+ Kxh7 
26. Qc2+ Bf5 27. Qxc5 Nd3 28. Rxd3 Bxd3 29. Qe3 Bf5 30. g4 Be4 31. Ng5+ Kg8 
32. Ne6 Qh4 33. Nxf8 Rxf8 34. Qg3 Qxg3+ 35. fxg3 Rf6 36. Re3 Rb6 37. b3 Bc2 
38. Nf3 Rxb3 39. Rxb3 Bxb3 40. Nd4 Ba4 41. Kf2 b5 42. Ke2 Kf7 43. Kd3 b4 
44. axb4 axb4 45. h4 Kg6 46. g5 Kh5 47. Ne6 Bb5+ 48. Kd4 Bd7 49. Nc5 Be8 
50. Kxd5 b3 51. Nd3 Kg4 52. Kc4 Kxg3 53. h5 b2 54. Nxb2 Bxh5 55. Kb4 Kh4 
56. Nd3 g6 57. Kc3 Bd1 58. Kd2 Bf3 59. Ke3 Bg4 1/2-1/2

[Event "Sunday 22 April Rapid Engine Tour 12+1 Rounds 9 Starts 1600ST"]
[Site "Infinity Chess"]
[Date "2018.4.22"]
[Round "4"]
[White "SkyPilot"]
[Black "IronMan"]
[Result "1/2-1/2"]
[ECO "C07"]
[WhiteElo "2449"]
[BlackElo "2445"]
[WhiteEngine "stockfish_x64_bmi2_2018_04_07_CTG"]
[BlackEngine "Eman 170b23-EXP3"]
[EventType "Swiss"]
[WhiteTeam ""]
[BlackTeam ""]
[PlyCount "102"]
[TimeControl "720+1"]

1. e4 e6 2. d4 d5 3. Nd2 c5 4. Ngf3 Nf6 5. e5 Nfd7 6. c3 Nc6 7. Bd3 Qb6 
8. O-O cxd4 9. cxd4 Nxd4 10. Nxd4 Qxd4 11. Nf3 Qb6 12. Qc2 h6 13. Be3 Bc5 
14. Bd2 O-O 15. Rac1 a5 16. a3 a4 17. Bf4 Be7 18. Rfd1 Nc5 19. Be3 Ra5 
20. Qd2 Bd7 21. Bc2 Rc8 22. Bxh6 Nb3 23. Bxb3 Rxc1 24. Rxc1 gxh6 25. Bc2 Kg7 
26. Bd3 Rc5 27. Rd1 Bb5 28. Bb1 Ba6 29. Nd4 Rc4 30. Ba2 Rc7 31. h3 Bc4 
32. Bb1 Bc5 33. Qf4 Be7 34. h4 Qxb2 35. Kh2 Ba6 36. Bf5 Bc5 37. Bh3 Bxd4 
38. Rxd4 Kh7 39. Rxa4 Qc2 40. Bg4 Qg6 41. Rd4 Bf1 42. a4 h5 43. Bf3 b5 
44. a5 Qh6 45. Qg3 Qg6 46. Qf4 Qh6 47. a6 Bc4 48. Qg3 Qg6 49. Qf4 Qh6 
50. Qg3 Qg6 51. Qf4 Qh6 1/2-1/2

[Event "Sunday 22 April Rapid Engine Tour 12+1 Rounds 9 Starts 1600ST"]
[Site "Infinity Chess"]
[Date "2018.4.22"]
[Round "4"]
[White "Time_bandit"]
[Black "Thinker"]
[Result "1/2-1/2"]
[ECO "C77"]
[WhiteElo "2472"]
[BlackElo "2454"]
[WhiteEngine "asmFishW_2018-04-11_bmi2"]
[BlackEngine "stockfish_18041820_x64_modern_CTG"]
[EventType "Swiss"]
[WhiteTeam ""]
[BlackTeam ""]
[PlyCount "75"]
[TimeControl "720+1"]

1. e4 e5 2. Nf3 Nc6 3. Bb5 a6 4. Ba4 Nf6 5. O-O Be7 6. Re1 b5 7. Bb3 O-O 
8. c3 d5 9. exd5 Nxd5 10. Nxe5 Nxe5 11. Rxe5 c6 12. d4 Bd6 13. Re1 Qh4 
14. g3 Qh3 15. Be3 Bg4 16. Qd3 Rae8 17. Nd2 Re6 18. a4 Qh5 19. axb5 axb5 
20. Nf1 Bf5 21. Qd2 Bh3 22. Bd1 Qg6 23. Bf3 Qf5 24. Qd1 h5 25. Ra6 Bc7 
26. Bh1 Rf6 27. Qe2 h4 28. Bd2 Re6 29. Qf3 Rxe1 30. Bxe1 Bf4 31. Qe2 Qc8 
32. Ra1 Re8 33. Qd3 Bf5 34. Qd1 Bg4 35. Qb1 Bf5 36. Qd1 Bg4 37. Qb1 Bf5 38. Qd1 
1/2-1/2

[Event "Sunday 22 April Rapid Engine Tour 12+1 Rounds 9 Starts 1600ST"]
[Site "Infinity Chess"]
[Date "2018.4.22"]
[Round "4"]
[White "Marsell"]
[Black "hafaba"]
[Result "1/2-1/2"]
[ECO "C53"]
[WhiteElo "2474"]
[BlackElo "2462"]
[WhiteEngine "BrainFish_180418_x64_bmi2"]
[BlackEngine "Eman 1.70-beta21 64-bit POPCNT_CTG"]
[EventType "Swiss"]
[WhiteTeam ""]
[BlackTeam ""]
[PlyCount "128"]
[TimeControl "720+1"]

1. e4 e5 2. Nf3 Nc6 3. Bc4 Bc5 4. c3 Nf6 5. d3 d6 6. O-O O-O 7. h3 a5 
8. Nbd2 Be6 9. Bb5 h6 10. Re1 Qb8 11. Nf1 Qa7 12. Be3 Bxe3 13. Nxe3 Ne7 
14. a4 Ng6 15. Bc4 Bxc4 16. Nxc4 Qa6 17. b3 Rfe8 18. Qc2 Qc6 19. d4 exd4 
20. Nxd4 Qc5 21. Re3 d5 22. exd5 Qxd5 23. Rd1 Rxe3 24. Nxe3 Qc5 25. Qf5 Qxc3 
26. Nb5 Qxb3 27. Nxc7 Rf8 28. Qxa5 Ne7 29. Qb5 Qxb5 30. Nxb5 Ra8 31. Nc3 Rc8 
32. Rd3 g6 33. f3 Kg7 34. Kf2 Nc6 35. Ncd1 Na5 36. Rc3 Rd8 37. Rc5 Nc6 
38. Rb5 Rd2+ 39. Ke1 Rd7 40. Kf2 Nd4 41. Rb6 Nc6 42. Nb2 Nh5 43. Rb5 Nf4 
44. Nbc4 Nd4 45. Rb6 Nd3+ 46. Kf1 Nc5 47. a5 h5 48. h4 Nc6 49. Kf2 Nd4 
50. Kf1 Kf8 51. Kf2 Kg7 52. Rd6 Rxd6 53. Nxd6 Nc6 54. Nec4 Kf6 55. g4 Ke6 
56. gxh5 gxh5 57. Ne8 Kd5 58. Nb6+ Ke5 59. Ng7 Nxa5 60. Nxh5 Nd3+ 61. Ke3 Ne1 
62. Kf2 Nd3+ 63. Ke3 Ne1 64. Kf2 Nd3+ 1/2-1/2

[Event "Sunday 22 April Rapid Engine Tour 12+1 Rounds 9 Starts 1600ST"]
[Site "Infinity Chess"]
[Date "2018.4.22"]
[Round "4"]
[White "Susanne"]
[Black "MarioDeMonti"]
[Result "1-0"]
[ECO "C55"]
[WhiteElo "2503"]
[BlackElo "2473"]
[WhiteEngine "asmFishW_IX_bmi2_CTG"]
[BlackEngine "stockfish_x64_bmi2_2018_02_18_CTG"]
[EventType "Swiss"]
[WhiteTeam ""]
[BlackTeam ""]
[PlyCount "128"]
[TimeControl "720+1"]

1. e4 e5 2. Nf3 Nc6 3. Bc4 Nf6 4. d3 Bc5 5. c3 d6 6. O-O O-O 7. Re1 Bb6 8. h3 h6 
9. a4 a5 10. Nbd2 Be6 11. Bxe6 fxe6 12. Nc4 Bc5 13. Be3 Bxe3 14. Rxe3 Nd7 
15. Ncd2 Qf6 16. Qb3 Nc5 17. Qc4 Qf7 18. Rd1 Ne7 19. Qb5 Nc6 20. Nb3 Nxb3 
21. Qxb3 Ra6 22. Rde1 Rb6 23. Qc2 Ra6 24. Nh2 Qd7 25. Rf3 Re8 26. Rg3 Kh7 
27. Nf3 Raa8 28. d4 exd4 29. e5+ Kh8 30. cxd4 d5 31. Rc1 Qf7 32. Rg4 Rf8 
33. Qd2 Qh5 34. Nh2 Rac8 35. Rc5 Ne7 36. Qc1 Nc6 37. Nf3 Rf7 38. Rb5 Rb8 
39. Kh2 Rff8 40. Rb3 Qf7 41. Ne1 Nb4 42. Rbg3 Rg8 43. Rh4 Rbf8 44. Rg5 Na2 
45. Qd1 Nb4 46. Rgh5 Qg6 47. Qc1 Rxf2 48. Rxh6+ gxh6 49. Rxh6+ Qh7 
50. Rxh7+ Kxh7 51. Qxc7+ Rg7 52. Qc3 Nc6 53. Kg1 Rf8 54. Qd3+ Kh8 55. Kh2 Rf5 
56. Nf3 Rh5 57. g3 Kg8 58. Kg2 Nb4 59. Qc3 Nc6 60. g4 Rh8 61. Kg3 Kf7 
62. h4 Rhg8 63. Ng5+ Ke8 64. Qc5 Re7 1-0

[Event "Sunday 22 April Rapid Engine Tour 12+1 Rounds 9 Starts 1600ST"]
[Site "Infinity Chess"]
[Date "2018.4.22"]
[Round "4"]
[White "Seliga"]
[Black "Katzenmaier"]
[Result "1/2-1/2"]
[ECO "C50"]
[WhiteElo "2469"]
[BlackElo "2514"]
[WhiteEngine "AsmFish A12_CTG"]
[BlackEngine "Raubfisch ME262_GTZ17a."]
[EventType "Swiss"]
[WhiteTeam ""]
[BlackTeam ""]
[PlyCount "128"]
[TimeControl "720+1"]

1. e4 e5 2. Nf3 Nc6 3. Bc4 Bc5 4. d3 Nf6 5. O-O d6 6. c3 O-O 7. Bg5 h6 8. Bh4 a6 
9. Bb3 g5 10. Bg3 Ba7 11. Nbd2 Na5 12. Ba4 Nh5 13. b4 Nxg3 14. hxg3 Nc6 
15. Bxc6 bxc6 16. Nb3 Re8 17. Qd2 Rb8 18. Rfe1 Bd7 19. Rac1 Qe7 20. a3 Qe6 
21. Na5 Bb6 22. Nc4 Ba7 23. Rb1 Kg7 24. Ne3 Qf6 25. Rbc1 Qg6 26. Nc4 Ra8 
27. a4 Rab8 28. Ne3 f6 29. Nc2 d5 30. a5 Bc8 31. Nh2 h5 32. exd5 cxd5 33. d4 g4 
34. dxe5 fxe5 35. Qxd5 c6 36. Qc4 h4 37. Nf1 Rb7 38. Nce3 Rf7 39. Re2 Qh7 
40. Rce1 Rh8 41. Rd2 e4 42. Rd4 hxg3 43. Nxg3 Qh2+ 44. Kf1 Rhf8 45. Nxe4 g3 
46. f3 Rxf3+ 47. Ke2 Rxe3+ 48. Kxe3 Qxg2 49. Qe2 Qh3 50. Rg1 Bxd4+ 51. cxd4 Bg4 
52. Qg2 Qh6+ 53. Kd3 Rf3+ 54. Qxf3 Bxf3 55. Rxg3+ Bg4 56. Rxg4+ Kf8 57. Rg5 Qh3+ 
58. Ke2 Qe6 59. Re5 Qb3 60. Ng5 Qxb4 61. Rc5 Qb1 62. Re5 c5 63. Rxc5 Ke8 
64. Ke3 Qa1 1/2-1/2

[Event "Sunday 22 April Rapid Engine Tour 12+1 Rounds 9 Starts 1600ST"]
[Site "Infinity Chess"]
[Date "2018.4.22"]
[Round "4"]
[White "Gilgamesch"]
[Black "star99"]
[Result "1/2-1/2"]
[ECO "B30"]
[WhiteElo "2481"]
[BlackElo "2500"]
[WhiteEngine "BrainFish_180408_x64_bmi2"]
[BlackEngine "Cryptic Heroes 9.4B"]
[EventType "Swiss"]
[WhiteTeam ""]
[BlackTeam ""]
[PlyCount "120"]
[TimeControl "720+1"]

1. e4 c5 2. Nf3 Nc6 3. Bb5 e6 4. O-O Nge7 5. d4 cxd4 6. Nxd4 Qb6 7. Nxc6 bxc6 
8. Be2 Ng6 9. c4 Be7 10. Be3 c5 11. Qd2 O-O 12. Nc3 Bb7 13. f4 a6 14. f5 Ne5 
15. Rad1 d6 16. g4 exf5 17. exf5 Bh4 18. Bf2 Bxf2+ 19. Rxf2 f6 20. Qxd6 Qxb2 
21. Na4 Qc2 22. Nxc5 Rad8 23. Qxd8 Rxd8 24. Rxd8+ Kf7 25. Nxb7 Qb1+ 
26. Kg2 Qxb7+ 27. Rd5 Qa7 28. Rf1 Qe3 29. Bf3 Nd3 30. Rd7+ Kf8 31. a3 Ne1+ 
32. Rxe1 Qxe1 33. c5 Qc1 34. c6 Ke8 35. h3 Qb2+ 36. Kf1 Qe5 37. Rxg7 Qf4 
38. Kf2 Qd4+ 39. Kg2 Qd2+ 40. Kf1 Qf4 41. Ke2 Qc4+ 42. Kd2 Qd4+ 43. Ke2 Qb2+ 
44. Kd1 Qxa3 45. Ke2 Qa2+ 46. Kd3 Qa3+ 47. Ke4 Qb4+ 48. Kd3 Qb3+ 49. Ke4 Qb4+ 
50. Kd3 Qb3+ 51. Ke4 Qc4+ 52. Ke3 Qc1+ 53. Ke2 Qc4+ 54. Ke3 Qc3+ 55. Kf2 Qd2+ 
56. Be2 Qd4+ 57. Kf1 Qa1+ 58. Kf2 Qd4+ 59. Kf1 Qa1+ 60. Kf2 Qd4+ 1/2-1/2

[Event "Sunday 22 April Rapid Engine Tour 12+1 Rounds 9 Starts 1600ST"]
[Site "Infinity Chess"]
[Date "2018.4.22"]
[Round "3"]
[White "Dovahkiin"]
[Black "MarioDeMonti"]
[Result "0-1"]
[ECO "C55"]
[WhiteElo "2372"]
[BlackElo "2461"]
[WhiteEngine "BrainFish_180418_x64_modern_CTG"]
[BlackEngine "stockfish_x64_bmi2_2018_02_18_CTG"]
[EventType "Swiss"]
[WhiteTeam ""]
[BlackTeam ""]
[PlyCount "206"]
[TimeControl "720+1"]

1. e4 e5 2. Nf3 Nc6 3. Bc4 Nf6 4. d3 Bc5 5. O-O d6 6. c3 O-O 7. Re1 Bb6 8. h3 h6 
9. Nbd2 a5 10. a4 Be6 11. Ra2 Nh5 12. b3 Qf6 13. Nf1 Rad8 14. Ng5 Qg6 
15. Nxe6 fxe6 16. Qg4 Rf6 17. Qxg6 Rxg6 18. Rc2 Kh7 19. Nh2 Rf8 20. Kf1 Ng3+ 
21. Kg1 Nh5 22. Ng4 Nf4 23. Kh2 h5 24. Ne3 Rgf6 25. Rd1 Ne7 26. d4 exd4 
27. cxd4 Nc6 28. Rcd2 Nb4 29. Bf1 d5 30. e5 R6f7 31. Nc2 c5 32. Nxb4 cxb4 
33. Rc2 h4 34. Be3 g6 35. Kg1 g5 36. Bb5 Kg7 37. Kf1 Kg6 38. Kg1 Rh8 39. Bf1 Nh5 
40. Rdc1 Rff8 41. Bd3+ Kh6 42. f3 Ng3 43. Bf2 Kh5 44. Kh2 Re8 45. Bb5 Rd8 
46. Bd3 Rdf8 47. Bb5 Nf5 48. Bd7 Bxd4 49. Bxe6 Bxe5+ 50. Kh1 Bf4 51. Rd1 Rf6 
52. Bc8 Re8 53. Bxb7 Re7 54. Bxd5 Rd6 55. Rc5 Re2 56. Kg1 Bg3 57. Bxg3 hxg3 
58. f4 Kg6 59. Rf1 gxf4 60. Bf3 Re3 61. Rxa5 Nd4 62. Bd1 Nxb3 63. Bc2+ Kg7 
64. Ra7+ Kf6 65. Rxf4+ Ke5 66. Rf3 Re1+ 67. Rf1 Rxf1+ 68. Kxf1 Nd4 69. Bd3 Ne6 
70. Ra5+ Kd4 71. Bh7 Nc5 72. Ra8 Rd7 73. Bg6 Rg7 74. Rd8+ Kc3 75. Bb1 Kb2 
76. Rd1 Nxa4 77. Re1 b3 78. h4 Nc3 79. Bd3 Rf7+ 80. Kg1 Rd7 81. Bf5 Rd6 
82. h5 Ka3 83. Bh7 b2 84. Kf1 Kb4 85. Re3 Rd1+ 86. Re1 Rd7 87. Bg6 Rd6 
88. Kg1 Kc4 89. Bh7 Kd4 90. Bc2 Rc6 91. h6 Rxh6 92. Re8 Ra6 93. Re1 Ra1 
94. Kf1 Rc1 95. Bg6 Rxe1+ 96. Kxe1 Ne4 97. Ke2 b1=Q 98. Kf3 Qc1 99. Bxe4 Qe3+ 
100. Kg4 Kxe4 101. Kh5 Kf5 102. Kh4 Qf4+ 103. Kh5 Qg5# 0-1